 Dungeon Crawl Stone Soup version 0.25.1-2-g60ff931df9 (console) character file.

Game seed: 2782571083964414285

175 Colgate the Slinger (level 5, -2/34 HPs)
             Began as a Halfling Hunter on Aug 22, 2020.
             Was a Follower of Nemelex Xobeh.
             Blown up by Ijyb (12 damage)
             ... with a disintegration bolt
             ... on level 3 of the Dungeon.
             The game lasted 00:28:27 (2563 turns).

Colgate the Slinger (Halfling Hunter)               Turns: 2563, Time: 00:28:28

Health: -2/34      AC:  5    Str: 14    XL:     5   Next: 86%
Magic:  5/5        EV: 13    Int:  9    God:    Nemelex Xobeh [*.....]
Gold:   130        SH:  9    Dex: 15    Spells: 4/4 levels left

rFire    . . .     SeeInvis .   a - +1 hunting sling
rCold    . . .     Gourm    .   u - +0 buckler
rNeg     . . .     Faith    .   n - +0 ring mail
rPois    .         Spirit   .   (no helmet)
rElec    .         Reflect  +   (no cloak)
rCorr    .         Harm     .   (no gloves)
MR       .....                  (no boots)
Stlth    +.........             o - amulet of reflection
HPRegen  0.11/turn              (no ring)
MPRegen  0.09/turn              (no ring)

@: no status effects
A: small, mutation resistance 1
a: Draw Escape, Draw Destruction, Draw Summoning, Renounce Religion


You were on level 3 of the Dungeon.
You worshipped Nemelex Xobeh.
Nemelex Xobeh was aware of your devotion.
You were not hungry.

You visited 1 branch of the dungeon, and saw 3 of its levels.

You collected 130 gold pieces.

Inventory:

Hand Weapons
 a - a +1 hunting sling (weapon)
 b - a +3 vorpal mace
 x - a +0 flail
 y - a +2 falchion of holy wrath
Missiles
 d - 28 sling bullets (quivered)
 i - 82 stones
 m - 22 bolts
 t - 21 arrows
Armour
 c - a +0 leather armour
 e - a +0 plate armour
 n - a +0 ring mail (worn)
 p - a +0 chain mail
 u - a +0 buckler (worn)
Jewellery
 o - an amulet of reflection (around neck)
Scrolls
 g - 3 scrolls of teleportation {unknown}
 j - a scroll of enchant weapon {unknown}
 k - 4 scrolls of identify {unknown}
 q - 2 scrolls of noise {unknown}
 s - 3 scrolls of remove curse {unknown}
 w - a scroll of blinking {unknown}
Potions
 h - a potion of might {unknown}
 l - a potion of haste {unknown}
 r - a potion of berserk rage {unknown}
Comestibles
 f - a ration
 v - 8 chunks of flesh


   Skills:
 - Level 1.7 Fighting
   Level 0.6 Short Blades
 + Level 9.3 Slings
 - Level 1.0 Armour
 - Level 2.1 Dodging
 - Level 1.1 Stealth


You had 4 spell levels left.
You didn't know any spells.
Your spell library was empty.

Dungeon Overview and Level Annotations

Branches:
Dungeon (3/15)

Altars:
Fedhas
Nemelex Xobeh

Annotations:
D:3 Ijyb


Innate Abilities, Weirdness & Mutations

You are small and have problems with some larger weapons.
You are somewhat resistant to further mutation.


Message History

Press: ? - help, Shift-Dir - straight line, f/p - Ijyb
Aim: Ijyb, wielding a +0 club, wearing a +1 ring mail of cold resistance and carrying a wand of disintegration (19) (lightly wounded)
The glob of acid misses Ijyb.
The orc wizard gestures at you while chanting.
The magic dart hits you.
Firing (i - inventory. (/) - cycle)
d - 29 sling bullets (quivered)
Press: ? - help, Shift-Dir - straight line, f/p - Ijyb
Aim: Ijyb, wielding a +0 club, wearing a +1 ring mail of cold resistance and carrying a wand of disintegration (19) (lightly wounded)
You shoot a sling bullet.
The sling bullet closely misses the orc wizard.
A frilled lizard comes into view.
Ijyb zaps a wand.
You are blasted!
Ouch! That really hurt!
You draw a card...
You have drawn the Cloud.
Clouds appear around you!
The orc wizard gestures at you while chanting.
The magic dart hits you.
* * * LOW HITPOINT WARNING * * *
Ijyb zaps a wand.
You are blasted!
You die...
Your body disappears without a glow.

...## ...# ....#
....###### o.. ......#..#
o.# ....#....## o.#
.......#..### ..#
...#.#..#...## ?.#
......#.###..### ..#
...............####§(####
##....#.####....@.o§§(.(#
##......#####......§g.#.l.
...............#####§...#
...#.##.#..###... ......
.#.#.##.##...#### ......
.#....#.####...####.......
####†....#................
##.......#.............
######...................
.........................
#######.#.#..........##..


You could see Ijyb and an orc wizard.

Vanquished Creatures
  An orc wizard (D:2)
  4 adders (D:2)
  3 gnolls (D:2)
  A worm (D:2)
  A dart slug (D:2)
  2 leopard geckos
  9 orcs
  3 giant cockroaches
  14 goblins
  7 hobgoblins
  5 jackals
  A ball python (D:3)
  2 bats (D:1)
  3 frilled lizards
  5 kobolds
  2 rats
63 creatures vanquished.

Notes
Turn   | Place    | Note
-------+----------+-------------------------------------------
     0 | D:1      | Colgate the Halfling Hunter began the quest for the Orb.
     0 | D:1      | Reached XP level 1. HP: 14/14 MP: 1/1
    51 | D:1      | Reached skill level 6 in Slings
   247 | D:1      | Reached XP level 2. HP: 17/19 MP: 2/2
   824 | D:1      | Reached skill level 7 in Slings
   824 | D:1      | Reached XP level 3. HP: 24/24 MP: 3/3
  1248 | D:2      | Reached XP level 4. HP: 29/29 MP: 4/4
  1250 | D:2      | Reached skill level 8 in Slings
  1414 | D:2      | Found a sparkling altar of Nemelex Xobeh.
  1422 | D:2      | Became a worshipper of Nemelex Xobeh the Trickster
  1428 | D:2      | Received a gift from Nemelex Xobeh
  1625 | D:2      | Reached XP level 5. HP: 34/34 MP: 5/5
  1937 | D:2      | Reached skill level 9 in Slings
  2340 | D:3      | Found a blossoming altar of Fedhas.
  2396 | D:3      | Reached skill level 1 in Armour
  2426 | D:3      | Reached * piety under Nemelex Xobeh
  2426 | D:3      | Received a gift from Nemelex Xobeh
  2555 | D:3      | Noticed Ijyb
  2563 | D:3      | Blown up by Ijyb

Illustrated notes

Levels and vault maps discovered:
D:1:      dpeg_arrival_radiant, layout_basic, grunt_decor_arrowhead,
          wad_floor_pattern_untrapped, hex_intersection, chequers_arboretum
D:2:      layout_loops_corners, nemelex_xobeh_ov_fountains_minmay
D:3:      layout_rooms, lemuel_coloured_pillars_altar,
          eat_drink_and_be_merry_uskayaw, fedhas_ov_isle_minmay,
          minmay_circle_x, uniq_ijyb, uniq_terence, uniq_crazy_yiuf_cottage

Skill      XL: |  1  2  3  4  5 |
---------------+----------------+-----
Slings         | 6 7 8 9 |  9.3
Armour         | 1 |  1.0
Fighting       | |  1.7
Short Blades   | |  0.6
Dodging        | |  2.1
Stealth        | |  1.1

Action                   |  1- 3 |  4- 6 || total
-------------------------+-------+-------++-------
Melee: Short sword       |    21 |       ||    21
       Dagger            |    26 |   144 ||   170
       Mace              |       |     4 ||     4
       Flail             |       |     4 ||     4
 Fire: Hunting sling     |    51 |    56 ||   107
Throw: Stone             |     2 |     2 ||     4
Invok: Draw Destruction  |       |     4 ||     4
       Draw Escape       |       |     1 ||     1
  Eat: Chunk             |     1 |     4 ||     5
Armor: Leather armour    |     3 |       ||     3
       Ring mail         |     2 |    29 ||    31
Dodge: Dodged            |    28 |    47 ||    75
Block: Buckler           |     3 |    18 ||    21
